 Dungeon Crawl Stone Soup version 0.19-a0-1169-g4149f68 (webtiles) character file.

129 GlassEater the Covert (level 5, -5/45 HPs)
             Began as a Naga Assassin on Aug 16, 2016.
             Was a Follower of Cheibriados.
             Slain by GlassEater's ghost (9 damage)
             ... on level 3 of the Dungeon.
             The game lasted 00:08:37 (2974 turns).

GlassEater the Covert (Naga Assassin)               Turns: 2974, Time: 00:08:37

Health: -5/45      AC:  3    Str: 16    XL:     5   Next: 12%
Magic:  5/5        EV: 10    Int: 15    God:    Cheibriados [*.....]
Gold:   126        SH:  0    Dex: 16    Spells: 0 memorised, 4 levels left

rFire  . . .     SeeInvis +     a - +0 dagger (vamp)
rCold  . . .     Gourm    .     c - +0 robe
rNeg   . . .     Faith    .     (no shield)
rPois  +         Spirit   .     (no helmet)
rElec  .         Dismiss  .     d - +0 cloak
rCorr  .         Reflect  .     (no gloves)
MR     .....     Harm     .     (no barding)
Stlth  ++++......               (no amulet)
                                (no ring)
                                (no ring)

@: very slow
A: see invisible, deformed body, poison resistance, slowness 2, slow metabolism
1, spit poison 2, AC +1
a: Spit Poison, Bend Time, Renounce Religion


You were on level 3 of the Dungeon.
You worshipped Cheibriados.
Cheibriados was aware of your devotion.
You were not hungry.

You visited 1 branch of the dungeon, and saw 3 of its levels.

You collected 126 gold pieces.

Inventory:

Hand Weapons
 a - a +0 vampiric dagger (weapon)
 b - a +0 blowgun
 m - a +2 dagger
Missiles
 e - 8 poisoned needles
 f - 2 curare-tipped needles
Armour
 c - a +0 robe (worn)
 d - a +0 cloak (worn)
Scrolls
 j - a scroll of noise {unknown}
 k - a scroll of recharging
 o - 3 scrolls of remove curse
 r - 3 scrolls of enchant weapon {unknown}
Potions
 h - a potion of invisibility
 n - a potion of brilliance {unknown}
 p - a potion of mutation {unknown}
Comestibles
 g - 4 bread rations
 l - a meat ration
 q - 2 chunks of flesh


   Skills:
 + Level 2.2 Fighting
 + Level 2.6 Short Blades
 + Level 2.0 Throwing
 + Level 1.7 Dodging
 + Level 8.1 Stealth


You had 4 spell levels left.
You didn't know any spells.

Dungeon Overview and Level Annotations

Branches:
Dungeon (3/15)

Altars:
Cheibriados
Elyvilon

Annotations:
D:3 GlassEater's ghost, amateur HuFi


Innate Abilities, Weirdness & Mutations

You cannot wear boots.
Your serpentine skin is tough. (AC +1)
You have supernaturally acute eyesight. (SInv)
Armour fits poorly on your strangely shaped body.
Your system is resistant to poisons. (rPois)
You cover ground very slowly.
You have a slow metabolism.
You can spit poison.


Message History

You see here an adder corpse.
You hit GlassEater's ghost but do no damage.
GlassEater's ghost hits you.
You hit GlassEater's ghost.
GlassEater's ghost is lightly damaged.
GlassEater's ghost hits you!
* * * LOW HITPOINT WARNING * * *
You hit GlassEater's ghost but do no damage.
GlassEater's ghost is lightly damaged.
GlassEater's ghost hits you!
* * * LOW HITPOINT WARNING * * *
You barely miss GlassEater's ghost.
GlassEater's ghost is lightly damaged.
You hit GlassEater's ghost but do no damage.
GlassEater's ghost is lightly damaged.
GlassEater's ghost closely misses you.
You hit GlassEater's ghost but do no damage.
GlassEater's ghost is lightly damaged.
GlassEater's ghost hits you!
You die...

#..###...................#
#).# #....(..............#
#... #....................
#.#. #...........######+##
..#) #...........# #.#.
...#.#...........######.##
..........'###.........#
..#..).W#..# #.........#
.......@...# #.........#
..#.⌠.⌠†#..# #.........#
...........# #.........#
..#.....#..# #..........
....._.....# #.........#
..#.....#..# #.........#
#..........# #.........#
.#.⌠.⌠.#..# #.........#
.........#


You could see GlassEater's ghost.

Vanquished Creatures
  4 adders
  2 gnolls (D:2)
  An ooze (D:1)
  A worm (D:2)
  A dart slug (D:3)
  2 giant geckos (D:1)
  6 bats
  4 giant cockroaches
  5 goblins
  6 hobgoblins
  8 jackals
  6 kobolds
  2 ball pythons
  A giant newt (D:2)
  10 rats
59 creatures vanquished.

Notes
Turn   | Place    | Note
-------+----------+-------------------------------------------
     0 | D:1      | GlassEater the Naga Assassin began the quest for the Orb.
     0 | D:1      | Reached XP level 1. HP: 19/19 MP: 1/1
    22 | D:1      | Reached skill level 6 in Stealth
    70 | D:1      | Reached XP level 2. HP: 26/26 MP: 2/2
   689 | D:1      | Reached XP level 3. HP: 32/32 MP: 3/3
   985 | D:2      | Reached skill level 7 in Stealth
   995 | D:1      | Reached skill level 1 in Dodging
  1658 | D:2      | Found a snail-covered altar of Cheibriados.
  1667 | D:2      | Became a worshipper of Cheibriados the Contemplative
  1738 | D:2      | Reached XP level 4. HP: 36/39 MP: 4/4
  2583 | D:2      | Reached * piety under Cheibriados
  2801 | D:3      | Reached skill level 8 in Stealth
  2842 | D:3      | Reached XP level 5. HP: 40/45 MP: 5/5
  2849 | D:3      | Noticed GlassEater's ghost (amateur HuFi)
  2853 | D:3      | Found a white marble altar of Elyvilon.
  2974 | D:3      | Slain by GlassEater's ghost

Vault maps used:
D:1:      mrwooster_arrival_statue_2
D:2:      old_standard_altar
D:3:      st_stairs_8, elyvilon_altar_5

Skill      XL: |  1  2  3  4 |
---------------+-------------+-----
Stealth        | 6 7 8 |  8.1
Throwing       | 2 |  2.0
Dodging        | 1 |  1.7
Fighting       | |  2.2
Short Blades   | |  2.6

Action                   |  1- 3 |  4- 6 || total
-------------------------+-------+-------++-------
Melee: Dagger            |    94 |   172 ||   266
 Abil: Spit Poison       |       |     1 ||     1
  Use: Scroll            |     2 |     1 ||     3
       Potion            |       |     3 ||     3
 Stab: Sleeping          |    15 |     4 ||    19
       Invisible         |       |     1 ||     1
  Eat: Chunk             |     2 |     3 ||     5
       Meat ration       |       |     1 ||     1
Armor: Robe              |    24 |    47 ||    71
Dodge: Dodged            |    37 |   101 ||   138
